Cogmind - Beta 15 @@@ ROGUE MODE // 2025.08.30 @ 00:45:38 Player: Aleph Result: Destroyed by H-55 Commando with Assault Rifle Performance ------------- Evolutions (2) 1000 Regions Visited (3) 600 Robots Destroyed (64) 320 Value Destroyed (1882) 1882 Prototype IDs (0) 0 Alien Tech Used (0) 0 Bonus (0) 0 TOTAL SCORE: 3802 Bonus ------- None Cogmind --------- Core Integrity 0/550 Matter 191/300 Energy 160/160 System Corruption 30% Temperature Cool (0) Movement Rolling (140) Ox4 Location -8/Materials Parts ------- > --- POWER (2) -------- Light Nuclear Core > --- PROPULSION (2) --- Wheel Wheel > --- UTILITY (5) ------ Huge Storage Unit > --- WEAPON (2) ------- (None) > --- INVENTORY (25) --- Large Storage Unit Peak State ------------ > --- POWER ------------ Deuterium Engine Light Nuclear Core > --- PROPULSION ------- Armored Treads Wheel > --- UTILITY ---------- Improved Heat Sink Improved Heat Sink Huge Storage Unit Terrain Scan Processor Seismic Detector > --- WEAPON ----------- EM Shotgun EM Shotgun > --- INVENTORY -------- Ion Engine Light Ion Engine Light Treads Light Treads Wheel Wheel Heat Sink Large Storage Unit EM Pulse Gun EMP Blaster EMP Blaster EMP Blaster Rocket Launcher [Rating: 25] Favorites ----------- Power Ion Engine Engine Ion Engine Power Core Light Nuclear Core Propulsion Wheel Treads Light Treads Wheel Wheel Utility Huge Storage Unit Device Seismic Detector Storage Huge Storage Unit Processor Terrain Scan Processor Protection Weapon Shielding Weapon EM Shotgun Energy Gun EM Shotgun Launcher EMP Blaster Build | -11 -10 -9 -8 ------- Run | Yrd Mat Mat Mat Slots Evolved 4 | . . 2 2 Power 1 | . . . 1 Propulsion . | . . . . Utility 3 | . . 2 1 Weapon . | . . . . Parts Attached 44 | 6 4 9 25 Power 7 | 1 . . 6 Engine 4 | 1 . . 3 Core 3 | . . . 3 Reactor . | . . . . Propulsion 11 | 2 . 2 7 Treads 5 | 1 . 1 3 Leg . | . . . . Wheel 6 | 1 . 1 4 Hover . | . . . . Flight . | . . . . Utility 10 | 1 2 3 4 Device 4 | . . 2 2 Storage 2 | 1 1 . . Processor 1 | . . 1 . Hackware . | . . . . Protection 3 | . 1 . 2 Artifact . | . . . . Weapon 16 | 2 2 4 8 Energy Gun 10 | 2 . 2 6 Energy Cannon . | . . . . Ballistic Gun . | . . . . Ballistic Cannon . | . . . . Launcher 6 | . 2 2 2 Special Weapon . | . . . . Impact Weapon . | . . . . Slashing Weapon . | . . . . Piercing Weapon . | . . . . Special Melee Weapon . | . . . . Unidentified Prototypes . | . . . . Corrupted Parts 3 | . . . 3 System Corruption 10 | . . . 10 Parts Lost 34 | . . 6 28 Power 6 | . . 1 5 Propulsion 8 | . . 2 6 Utility 7 | . . 1 6 Weapon 13 | . . 2 11 Highest Loss Streak 10 | . . 3 10 To Critical Strikes . | . . . . Average Backups 10 | 2 6 10 10 Power 1 | . 1 1 1 Propulsion 3 | 1 2 2 3 Utility . | . . . 1 Weapon 4 | . 3 6 3 Tool/Special . | . . . . Unused Backups 1 | . . . 1 Power . | . . . . Propulsion . | . . . . Utility 1 | . . . 1 Weapon . | . . . . Tool/Special . | . . . . Average Slot Usage (%) 80 | . 93 82 73 Engine 7 | . 14 3 9 Core 2 | . . . 5 Treads 10 | . 14 10 8 Wheel 8 | . 14 10 5 Device 12 | . . 14 14 Storage 10 | . 14 11 9 Processor 4 | . . 6 3 Protection 3 | . 7 3 2 Energy Gun 11 | . 2 15 10 Launcher 7 | . 25 6 4 Peak Build Rating 25 | 6 9 12 25 Average Rating 12 | 4 8 10 16 On Entrance 6 | . 6 9 12 Naked Turns . | . . . . Heaviest Build 104 | 14 93 94 104 Greatest Support 40 | 20 10 20 40 Greatest Overweight (x) 10 | 1 9 9 10 Average Overweight (x) 5 | . 3 6 7 Largest Inventory Capacity 25 | 8 25 25 25 Average Capacity 23 | 7 17 25 25 Most Carried 14 | 4 8 12 14 Average Carried 10 | 2 6 10 10 Final Capacity 25 | 8 25 25 25 Final Carried 12 | 4 7 12 1 Class Distribution -------------------- 50% | Mutant 49% | Scavenger-Mutant Dominant Class ---------------- Mutant | -10/Materials Scavenger-Mutant | -9/Materials Scavenger-Mutant | -8/Materials Resources | -11 -10 -9 -8 ----------- Run | Yrd Mat Mat Mat Matter Collected 1046 | 217 157 232 440 Remotely . | . . . . Salvage Created 2134 | . 389 653 1092 Parts 157 | . 32 58 67 Haulers Intercepted 2 | . . 1 1 Recyclers Shooed 2 | . . 1 1 Parts Field Recycled . | . . . . Retrieved Matter . | . . . . Parts Self-Destructed . | . . . . Prevented . | . . . . Kills | -11 -10 -9 -8 ------- Run | Yrd Mat Mat Mat Combat Hostiles Destroyed 39 | . 9 10 20 Guns 8 | . . 2 6 AOE 29 | . 9 8 12 Classes Destroyed 12 | . 6 4 2 Worker 5 | . . 1 4 Builder 10 | . 1 3 6 Tunneler 2 | . 1 1 . Hauler 2 | . . 1 1 Recycler 2 | . 1 . 1 Operator 1 | . . . 1 Watcher 3 | . 1 2 . Swarmer 2 | . 2 . . Grunt 28 | . 7 6 15 Duelist 1 | . . 1 . Sentry 7 | . . 3 4 Hunter 1 | . . . 1 Best Kill Streak 9 | . 5 4 9 Combat Bots Only 4 | . 4 3 3 Max Kills in Single Turn 3 | . 3 3 3 Gunslinging . | . . . . Exploded 2 | . 2 2 2 Melee . | . . . . Uniques/NPCs Destroyed . | . . . . Combat | -11 -10 -9 -8 -------- Run | Yrd Mat Mat Mat Hostile Shots Fired 253 | . 22 40 191 Missed 76 | . 7 16 53 Hits 177 | . 15 24 138 Projectile 177 | . 15 24 138 Critical Strikes 5 | . . 1 4 Actively Blocked 1 | . . 1 . Damage Taken 3669 | . 240 437 2992 Core 662 | . 36 69 557 Absorbed by Shields . | . . . . Redirected to Shielding 52 | . 19 33 . Core Remaining (%) 89 | 100 85 82 . Volleys Fired 102 | . 11 20 71 Largest 2 | . 2 2 2 Hottest 130 | . 63 90 130 Shots Fired 157 | . 20 31 106 Gun 84 | . . 6 78 Cannon . | . . . . Launcher 73 | . 20 25 28 Special . | . . . . Kinetic . | . . . . Thermal 32 | . . . 32 Explosive 32 | . 9 2 21 Electromagnetic 93 | . 11 29 53 Robot Hit Streak 13 | . 7 10 13 Robot Miss Streak 8 | . 2 3 8 Penetration Max . | . . . . Secondary Targets 1 | . . . 1 Max Gunslinging Chain 1 | . . . 1 Shots Hit Robots 104 | . 13 20 71 Core Hits 116 | . 21 28 67 Critical Kills . | . . . . Critical Parts Destroyed . | . . . . Critical Strikes 1 | . . . 1 Burn 1 | . . . 1 Melee Attacks . | . . . . Impact . | . . . . Slashing . | . . . . Piercing . | . . . . Sneak Attacks . | . . . . Combat Hostiles . | . . . . Follow-up Attacks . | . . . . Damage Inflicted 4341 | . 957 808 2576 Guns 849 | . . 62 787 Cannons . | . . . . Explosions 3469 | . 957 746 1766 Melee . | . . . . Ramming 23 | . . . 23 Kinetic . | . . . . Thermal 800 | . 55 68 677 Explosive 1582 | . 479 50 1053 Electromagnetic 1936 | . 423 690 823 Impact . | . . . . Slashing . | . . . . Piercing . | . . . . Highest Corruption 30 | . . 2 30 Average Corruption 6 | . . 1 11 Corruption Purged . | . . . . Corruption Blocked . | . . . . Effects 46 | . . 7 39 Message Errors 6 | . . 1 5 Matter Fused 9 | . . 2 7 Heat Flow Errors 6 | . . 1 5 Energy Discharges 3 | . . . 3 Parts Rejected 3 | . . . 3 Parts Fused 3 | . . . 3 Data Loss (minor) 5 | . . 2 3 Data Loss (major) 4 | . . 1 3 Alerts 2 | . . . 2 Weapon Failures 5 | . . . 5 Overload Shots . | . . . . Overflow Damage 48 | . 8 4 36 Projectiles . | . . . . Explosions 40 | . 8 4 28 Melee 8 | . . . 8 Knockbacks . | . . . . Impact . | . . . . Kinetic . | . . . . Secondary . | . . . . Self-Inflicted Damage 484 | . 64 87 333 Shots 29 | . 6 6 17 Rammed 1 | . . . 1 Targets Rammed 1 | . . . 1 Kicked . | . . . . Crushed . | . . . . Highest Temperature 402 | . 30 148 402 Average Temperature 89 | . 12 31 109 Received Heat Transfer 1092 | . 72 111 909 Effects 5 | . . . 5 Shutdowns 2 | . . . 2 Interference 3 | . . . 3 Siege Activations . | . . . . Martial Activations . | . . . . Shielding Activations . | . . . . Robots Disrupted . | . . . . Combat Hostiles . | . . . . Robots Corrupted 4 | . . 1 3 Combat Hostiles 2 | . . . 2 Parts Fried 7 | . 1 . 6 Impact Corruptions 1 | . . . 1 Robots Melted . | . . . . Combat Hostiles . | . . . . Parts Melted . | . . . . Heat Transferred 1490 | . 100 150 1240 Parts Sabotaged . | . . . . Parts Stolen . | . . . . Parts Stripped . | . . . . Power Chain Reactions 17 | . 3 6 8 Alert | -11 -10 -9 -8 ------- Run | Yrd Mat Mat Mat Maximum Alert Level 1 | . 1 1 . Low Security (%) 86 | 100 61 78 100 Level 1 13 | . 38 21 . Level 2 . | . . . . Level 3 . | . . . . Level 4 . | . . . . Level 5 . | . . . . High Security . | . . . . Max Security . | . . . . Peak Influence 327 | . 327 243 197 Initial 133 | . . 133 . Average 100 | . 158 117 75 Influence Increases 1571 | . 467 348 756 Destroy 0b10 Robot/C 780 | . 180 200 400 Destroy 0b10 Robot/NC 125 | . 20 40 65 Destroy Leader 210 | . 72 46 92 Disable Machine 180 | . 105 30 45 Destroy Structure 231 | . 60 32 139 Partial Spotted 15 | . . . 15 Lose Combat Pursuer 30 | . 30 . . Influence Decreases 1450 | . 150 665 635 Entered New Map 184 | . . 184 . Time Decay 959 | . 150 421 388 Lost Part 307 | . . 60 247 Squads Dispatched 9 | . 4 1 4 Investigation 4 | . 3 1 . Extermination . | . . . . Reinforcement 5 | . 1 . 4 Assault . | . . . . Garrison . | . . . . Intercept . | . . . . Searches Triggered . | . . . . Construction Impeded 3 | . . . 3 Haulers Reinforced . | . . . . Active Scanning Responses . | . . . . Cargo Convoy Interrupts . | . . . . Stealth | -11 -10 -9 -8 --------- Run | Yrd Mat Mat Mat Distress Signals 8 | . 3 3 2 Communications Jammed . | . . . . Distress Signals . | . . . . Times Spotted 54 | . 14 13 27 Peak Tracking Total 4 | . 4 3 4 Tactical Retreats 2 | . 2 . . Traps | -11 -10 -9 -8 ------- Run | Yrd Mat Mat Mat Traps Triggered 4 | . 2 2 . Indirectly 2 | . 1 1 . Trap Hack Attempts . | . . . . Triggered . | . . . . Disarmed . | . . . . Reprogrammed . | . . . . Reused . | . . . . Traps Extracted . | . . . . Installed . | . . . . Triggered . | . . . . Machines | -11 -10 -9 -8 ---------- Run | Yrd Mat Mat Mat Machines Disabled 12 | . 7 2 3 Max in Single Turn 2 | . 2 2 1 Machines Repaired . | . . . . Machines Dismantled . | . . . . Machines Sabotaged . | . . . . Overloaded Fab Kills . | . . . . Hacking | -11 -10 -9 -8 --------- Run | Yrd Mat Mat Mat Machines Accessed . | . . . . Terminals . | . . . . Fabricators . | . . . . Repair Stations . | . . . . Recycling Units . | . . . . Scanalyzers . | . . . . Garrison Access . | . . . . Total Hacks . | . . . . Successful . | . . . . Failed . | . . . . Catastrophic . | . . . . Database Lockouts . | . . . . Manual . | . . . . Terminals . | . . . . Fabricators . | . . . . Repair Stations . | . . . . Recycling Units . | . . . . Scanalyzers . | . . . . Garrison Access . | . . . . Terminal Hacks . | . . . . Fabricator Hacks . | . . . . Repair Station Hacks . | . . . . Recycling Unit Hacks . | . . . . Scanalyzer . | . . . . Garrison Access Hacks . | . . . . Unauthorized Hacks . | . . . . Terminals . | . . . . Fabricators . | . . . . Repair Stations . | . . . . Recycling Units . | . . . . Scanalyzers . | . . . . Garrison Access . | . . . . Data Cores Recovered . | . . . . Used . | . . . . Hacking Detections . | . . . . Full Trace Events . | . . . . Feedback Events . | . . . . Feedback Blocked . | . . . . Robot Schematics Acquired . | . . . . Robots Built . | . . . . Authchips . | . . . . Time . | . . . . Total Robot Build Rating . | . . . . Part Schematics Acquired . | . . . . Parts Built . | . . . . Authchips . | . . . . Time . | . . . . Total Part Build Rating . | . . . . Parts Repaired . | . . . . Time . | . . . . Parts Recycled . | . . . . Recycled Matter . | . . . . Retrieved Matter . | . . . . Retrieved Components . | . . . . Parts Scanalyzed . | . . . . Part Schematics Acquired . | . . . . Parts Damaged . | . . . . Bothacking | -11 -10 -9 -8 ------------ Run | Yrd Mat Mat Mat Used RIF Installer . | . . . . Robots Hacked . | . . . . Non-combat . | . . . . Combat . | . . . . Robot Hacks Applied . | . . . . Relay Couplers Released . | . . . . Fabnet Peak Effective % . | . . . . Robots Rewired . | . . . . Allies Hacked . | . . . . Hacks Repelled . | . . . . Allies | -11 -10 -9 -8 -------- Run | Yrd Mat Mat Mat Total Allies . | . . . . Largest Group . | . . . . Highest-Rated Group . | . . . . Highest-Rated Ally . | . . . . Total Orders . | . . . . Ally Attacks . | . . . . Total Damage . | . . . . Kills . | . . . . Allies Corrupted . | . . . . Allies Melted . | . . . . Intel | -11 -10 -9 -8 ------- Run | Yrd Mat Mat Mat Active Infowar (turns) 1846 | . . 806 1040 Seismic 1846 | . . 806 1040 Robot Analysis Total . | . . . . Derelict Logs Recovered . | . . . . Drone Launches . | . . . . Drone Recoveries . | . . . . Exploration | -11 -10 -9 -8 ------------- Run | Yrd Mat Mat Mat Turns Passed 2879 | 76 326 1198 1279 Spaces Moved 928 | 67 214 346 301 Core 4 | 4 . . . Treads 236 | 3 . 147 86 Legs . | . . . . Wheels 688 | 60 214 199 215 Hover . | . . . . Flight . | . . . . Fastest Speed 50 | 50 95 200 125 Average Speed 257 | 93 134 324 305 Slowest Speed 570 | 160 215 480 570 Overloaded Moves . | . . . . Propulsion Burnouts . | . . . . Robots Hopped . | . . . . Potential Cave-ins 19 | . . . 19 Cave-ins Triggered 2 | . . . 2 Exploration Rate (%) 24 | 4 42 31 20 Regions Visited 3 Branch Regions . Pre-discovered Areas . | . . . . Known Exits Taken . | . . . . Unknown Exits Taken 3 | 1 1 1 . Scrap Searched . | . . . . Spaces Dug 10 | . . . 10 Terrain Destroyed 241 | . 59 34 148 Melee . | . . . . Projectile . | . . . . AOE 241 | . 59 34 148 Terrain Rammed . | . . . . Walls Destroyed . | . . . . Machines Disabled . | . . . . Actions | -11 -10 -9 -8 --------- Run | Yrd Mat Mat Mat Total 1242 | 77 232 387 546 Wait 133 | . . 6 127 Move 923 | 66 213 345 299 Hop . | . . . . Pick Up 23 | 5 3 7 8 Fast Attach 17 | 5 1 5 6 Attach 26 | 1 . 2 23 Detach 2 | . . . 2 Swap 10 | . 3 2 5 Drop 3 | . 1 . 2 Fire 102 | . 11 20 71 Melee . | . . . . Ram 1 | . . . 1 Kick . | . . . . Crush . | . . . . Escape Stasis 2 | . . . 2 Rewire . | . . . . Trap . | . . . . Miscellaneous . | . . . . Route ------- -11/Scrapyard -10/Materials -9/Materials -8/Materials History --------- Turn | Location | Event 2 | -11/Scrapyard | Met Revision 17 22 | -11/Scrapyard | Discovered new exit (range 16) 77 | -11/Scrapyard | Entered Materials 284 | -10/Materials | Discovered new exit (range 11) 308 | -10/Materials | Build established: Mutant 403 | -10/Materials | Entered another Materials area 403 | -9/Materials | Evolved 2 slots: Utility x2 688 | -9/Materials | Lost 3 parts (1n2w) 1180 | -9/Materials | Build established: Scavenger-Mutant 1591 | -9/Materials | Discovered new exit (range 4) 1601 | -9/Materials | Entered another Materials area 1601 | -8/Materials | Evolved 2 slots: Power x1, Utility x1 2211 | -8/Materials | Lost 5 parts (1p1n1u2w) 2621 | -8/Materials | Build established: Mutant 2641 | -8/Materials | Crushed by falling debris 2642 | -8/Materials | System corruption reached 10% 2647 | -8/Materials | Crushed by falling debris 2721 | -8/Materials | Core integrity fell below 50% 2725 | -8/Materials | Lost 10 parts (4p1n2u3w) 2782 | -8/Materials | Lost 5 parts (2n1u2w) 2847 | -8/Materials | Core integrity fell below 20% 2868 | -8/Materials | System corruption reached 30% 2880 | -8/Materials | Destroyed by H-55 Commando with Assault Rifle Last Messages --------------- 02849_ M-13 Machinist repairs G-47 Trooper. 02856_ U-05 Engineer lays Concrete. 02857_ ,N%&EBO Map ----- +----------------------------------------------------+ | ?????????????????????????????????????????????????? | | ?????????????????????????????????????????????????? | | ?????????????????????????????????????????????????? | | ?????????????????????????????????????????????????? | | ?????????????????????????????????????????????????? | | ?????????????????????????????????????????????????? | | ?????????????????????????????????????????????????? | | ?????????????????????????????????????????????????? | | ?????????????????????????????????????????????????? | | ????????????????????????""???????????????????????? | | ????????????????????????""?????????? ????????????? | | ???????????????????????? ???? ????? #???????????? | | ??????????????????????###+###?"????? #???????????? | | ??????????????????????# # ?????? #???????????? | | ??????????????######### # ?????? ???????????? | | ??????????????? % +??????# #???????????? | | ????????????????# #??????# #???????????? | | ????????????????# hk#?????## ##??????????? | | ????????????????# #??#+## ###????????? | | ????????????????# " #### T ?????????? | | ????????????????# " # # ## #??????????? | | ????????????????# !!# # ###+#####???????? | | ????????????????# !=!# ## ## " #???????? | | ????????????????# *|### # " #???????? | | ????????????????+ %k *% + " #???????? | | ????????????????# " #@##### # #????+#?? | | ????????????????# = ## ## #???? #?? | | ????????????????# # # ## #???? #?? | | ????????????????# # = # ##+########?? #?? | | ????????????????# # [ gm ### # #?# #?? | | ????????????????# #! "g ; # # #?# #?? | | ????????????????# ?# # # # ### #?? | | ????????????????# ?########## # # # #?# | | ????????????????# ????# ##/####### #?# | | ????????????????# ????# """ % #?# | | ???????????????? ?????# """ =# % #?# | | ????????????????? ??????# """ #?# | | ????????????????????????# #?# | | ????????????????????????# ##+####### #?# | | ????????????????????????####### # ??!## ### | | ??????????????????????????????## # "Y" !!??# | | ???????????????????????????????## ## """ !! ?# | | ???????????????????????????????? ? ## | | ???????????????????????????????? / ########### | | ???????????????????????????????# #??# " #== | | ???????????????????????????????#####??# ""!=#=% | | ?????????????????????????????????????## [""!%!*! | | ?????????????????????????????????????# =%* [!%=T## | | ?????????????????????????????????????## = = ####? | | ??????????????????????????????????????# ! #???? | +----------------------------------------------------+ Best States ------------- Heat Dissipation 59 Energy Generation 23 Energy Capacity 335 Matter Stores 300 Matter Capacity 300 Sight Range 16 Terrain Scan Density 85 Armor Coverage 150 Weapon Shielding 33 Evasion (%) 44 Recoil Reduction 2 Item Schematics ----------------- None Robot Schematics ------------------ None Fabricated ------------ Nothing Repaired ---------- Nothing Alien Tech Used ----------------- None Achievements -------------- Let's See Who's Tougher Power Corrupts Unlikely Earthworm Challenges ------------ None Game ------ Seed DecoderPhysicsNeutralizer Manual? 0 Play Time 00:19:15 Cumulative 3.0 hours Start 2025.08.30 @ 00:26:36 End 2025.08.30 @ 00:45:38 Sessions 1 Manual Loads 0 Difficulty Rogue Special Mode None Game No. 7 Rogue 7 Adventurer 0 Explorer 0 Win Type - Total 0 Types 0/0/0/0/0/0/0/0/0/0 Lore% 0 Gallery% 7 Achievement% 6 Wizard Run 0 Options --------- Layout 1 ASCII 0 Keyboard 0 Movement Vi Keybinds 0 Fullscreen 1 Font 32/SmallcapsGlow Map View 50x35 Zoom Use 0% Tactical HUD 1 Map Filters NONE Filters NONE Steam 1 RUN: 01a0c2de-d5aa-467c-8567-cd5e3362ea8d